 Dungeon Crawl Stone Soup version 0.21.0-3-g78d12a8 (webtiles) character file.

260 Lanoc the Chopper (level 5, -1/47 HPs)
             Began as a Minotaur Berserker on Jan 8, 2018.
             Was a Believer of Trog.
             Slain by an ufetubus (4 damage)
             ... summoned by Eustachio
             ... on level 6 of the Dungeon.
             The game lasted 00:03:38 (897 turns).

Lanoc the Chopper (Minotaur Berserker)               Turns: 897, Time: 00:03:39

Health: -1/47      AC:  2    Str: 21    XL:     5   Next: 95%
Magic:  4/4        EV: 13    Int:  4    God:    Trog [**....]
Gold:   78         SH:  4    Dex: 11    Spells: 4/4 levels left

rFire    . . .     SeeInvis .   a - +0 hand axe
rCold    . . .     Gourm    .   (no shield)
rNeg     . . .     Faith    .   b - +0 animal skin
rPois    .         Spirit   .   (helmet restricted)
rElec    .         Reflect  +   (no cloak)
rCorr    .         Harm     .   (no gloves)
MR       .....                  (no boots)
Stlth    +.........             f - +4 amulet of reflection
HPRegen  0.15/turn              (no ring)
MPRegen  0.09/turn              (no ring)

@: berserk cooldown
A: retaliatory headbutt, horns 2
a: Berserk, Trog's Hand, Burn Spellbooks, Renounce Religion


You were on level 6 of the Dungeon.
You worshipped Trog.
Trog was pleased with you.
You were hungry.

You visited 1 branch of the dungeon, and saw 6 of its levels.

You collected 78 gold pieces.

Inventory:

Hand Weapons
 a - a +0 hand axe (weapon)
Missiles
 m - 22 arrows
 s - 18 bolts
Armour
 b - a +0 animal skin (worn)
Jewellery
 f - a +4 amulet of reflection (around neck)
Wands
 n - a wand of polymorph (10)
Scrolls
 d - 3 scrolls of random uselessness {unknown}
 e - 2 scrolls of identify {unknown}
 j - a scroll of remove curse {unknown}
 k - a scroll of amnesia {unknown}
 l - a scroll of blinking {unknown}
 p - a scroll of enchant armour {unknown}
Potions
 h - a potion of cancellation
 i - a potion of brilliance {unknown}
 o - a potion of lignification {unknown}
 q - a potion of invisibility {unknown}
 r - a potion of curing {unknown}
 t - a potion of magic {unknown}
Comestibles
 c - 3 rations
 g - 6 chunks of flesh


   Skills:
 + Level 4.8 Fighting
 * Level 5.8 Axes
 + Level 4.0 Armour
 + Level 3.5 Dodging


You had 4 spell levels left.
You didn't know any spells.

Dungeon Overview and Level Annotations

Branches:
Dungeon (6/15)
 Temple: D:4-7

Altars:
Wu Jian
Yredelemnul

Annotations:
D:6 Eustachio


Innate Abilities, Weirdness & Mutations

You reflexively headbutt those who attack you in melee.
You have a pair of horns on your head.


Message History

The ufetubus hits you.
* * * LOW HITPOINT WARNING * * *
The ufetubus misses you. The ufetubus hits you.
* * * LOW HITPOINT WARNING * * *
You block the ufetubus's attack.
Eustachio mumbles some strange words.
The gnoll misses you. The gnoll closely misses you.
The shadow imp barely misses you.
It was a potion of cancellation.
Your magical effects are unravelling.
You feel magically purged.
You feel yourself speed up. The ufetubus completely misses you.
You furiously retaliate!
You headbutt the ufetubus. The ufetubus hits you.
* * * LOW HITPOINT WARNING * * *
The ufetubus misses you. You furiously retaliate!
You headbutt the ufetubus!
You kill the ufetubus!
The ufetubus hits you but does no damage.
The ufetubus hits you.
You die...

#..##..# #...#..#
#.#.#..#
#######.#.#..#
......#.#.#..#
####....r....#
#.....rr.#...#
#....<.5@#..$#
#.##...5@#ยง..# #
#.....ggg>.#
#.###.###.## ...
#.# #.#
##.#......gg..g.#
# ###.###.####g#
.. ..# ## ###


You could see Eustachio, 3 gnolls, a river rat, a shadow imp, an ufetubus and 2
quokkas.

Vanquished Creatures
  Blork the orc (D:5)
  A crimson imp (D:5)
  A bullfrog skeleton (D:5)
  An iguana (D:4)
  9 gnolls
  A dart slug (D:3)
  2 leopard geckos
  An orc (D:3)
  A bat (D:1)
  3 hobgoblins (D:1)
  2 jackals (D:3)
  2 frilled lizards (D:1)
  3 goblins (D:3)
  A kobold (D:3)
  2 rats (D:3)
31 creatures vanquished.

Notes
Turn   | Place    | Note
-------+----------+-------------------------------------------
     0 | D:1      | Lanoc the Minotaur Berserker began the quest for the Orb.
     0 | D:1      | Reached XP level 1. HP: 19/19 MP: 0/0
   242 | D:1      | Reached XP level 2. HP: 20/27 MP: 1/1
   350 | D:3      | Reached skill level 4 in Axes
   355 | D:3      | Reached XP level 3. HP: 30/33 MP: 2/2
   609 | D:3      | Found a basalt altar of Yredelemnul.
   689 | D:4      | Reached XP level 4. HP: 40/40 MP: 3/3
   708 | D:5      | Entered Level 5 of the Dungeon
   758 | D:5      | Noticed Blork the orc
   763 | D:5      | Killed Blork the orc
   763 | D:5      | Reached skill level 5 in Axes
   763 | D:5      | Reached XP level 5. HP: 47/47 MP: 4/4
   826 | D:5      | Reached ** piety under Trog
   836 | D:5      | Found an ornate altar of the Wu Jian Council.
   874 | D:6      | Noticed Eustachio
   897 | D:6      | Slain by an ufetubus

Skill      XL: |  1  2  3  4  5 |
---------------+----------------+-----
Axes           | 4 5 |  5.8
Fighting       | 4 |  4.8
Armour         | 3 4 |  4.0
Dodging        | 3 |  3.5

Action                   |  1- 3 |  4- 6 || total
-------------------------+-------+-------++-------
Melee: Hand axe          |    47 |    30 ||    77
       Headbutt          |     6 |     6 ||    12
Invok: Berserk           |     1 |     3 ||     4
  Use: Potion            |       |     1 ||     1
  Eat: Chunk             |       |     3 ||     3
Armor: Animal skin       |     3 |     6 ||     9
Dodge: Dodged            |    28 |    33 ||    61
Block: Other             |     9 |     4 ||    13
       Reflection        |     1 |       ||     1
